 Dungeon Crawl Stone Soup version 0.29-a0-520-gc852659d43 (webtiles) character file.

Game seed: 6303159052423124676

104106 Bruhh the Warrior (level 16, -10/176 HPs)
             Began as an Ogre Earth Elementalist on May 31, 2022.
             Was the Champion of Vehumet.
             Mangled by a seven-headed hydra (15 damage)
             ... on level 2 of the Swamp.
             The game lasted 01:04:52 (45441 turns).

Bruhh the Warrior (Ogre Earth Elementalist)        Turns: 45441, Time: 01:04:53

Health: -10/176    AC:  5    Str: 16    XL:     16   Next: 37%
Magic:  22/42      EV:  9    Int: 31    God:    Vehumet [******]
Gold:   2243       SH:  0    Dex:  9    Spells: 4/42 levels left

rFire   . . .      SeeInvis .   I - staff of earth
rCold   . . .      Faith    +   (no shield)
rNeg    + . .      Spirit   .   T - +2 robe "Honuwini" {rN+ Int+3}
rPois   .          Reflect  .   O - +2 hat
rElec   .          Harm     .   (no cloak)
rCorr   .          Rampage  .   (gloves unavailable)
Will    +....                   (boots unavailable)
Stlth   +.........              w - amulet of faith
HPRegen 0.39/turn               R - ring of magical power
MPRegen 0.28/turn               P - +6 ring of intelligence

@: about to teleport, corroded, very slightly contaminated
A: large, unfitting armour, tough skin 1, horns 1, iridescent scales 1,
screaming 1
a: Renounce Religion


You were on level 2 of the Swamp.
You worshipped Vehumet.
Vehumet was exalted by your worship.
You visited 5 branches of the dungeon, and saw 24 of its levels.

You collected 2243 gold pieces.

Inventory:

Hand Weapons
 B - a +1 vorpal giant club
Missiles
 a - 514 stones
 F - 3 throwing nets
Armour
 t - a +2 robe of willpower
 O - a +2 hat (worn)
 T - the +2 robe "Honuwini" (worn) {rN+ Int+3}
   (You found it on level 8 of the Dungeon)

   Int:       It affects your intelligence (+3).
   rN:        It protects you from negative energy.
 Y - a +0 kite shield of reflection
Magical Staves
 I - a staff of earth (weapon)
Jewellery
 w - an amulet of faith (around neck)
 y - the ring "Coor" {Contam rF+ Int+4 Slay+4}
   (You found it on level 3 of the Dungeon)

   [ring of slaying]

   Int:       It affects your intelligence (+4).
   Slay:      It affects your accuracy & damage with ranged weapons and melee
   (+4).
   rF:        It protects you from fire.
   Contam:    It causes magical contamination when unequipped.
 P - a +6 ring of intelligence (right hand)
 R - a ring of magical power (left hand)
Wands
 i - a wand of flame (8)
 l - a wand of polymorph (19)
 q - a wand of digging (12)
 G - a wand of iceblast (31)
 J - a wand of paralysis (16)
 U - a wand of acid (3)
 X - a wand of charming (6)
Scrolls
 b - a scroll of enchant armour
 d - 2 scrolls of poison
 f - a scroll of immolation
 h - a scroll of torment
 n - 4 scrolls of fog
 o - 3 scrolls of vulnerability
 r - 3 scrolls of amnesia
 x - 5 scrolls of magic mapping
 A - 3 scrolls of enchant weapon
 E - 3 scrolls of silence
 N - 7 scrolls of identify
Potions
 e - 8 potions of attraction
 g - 2 potions of might
 k - 5 potions of curing
 p - a potion of brilliance
 v - 4 potions of haste
 z - a potion of cancellation
 D - 2 potions of mutation
 H - 2 potions of degeneration
 K - a potion of resistance
 L - 3 potions of berserk rage
 M - a potion of lignification
Miscellaneous
 W - a lightning rod (4/4)


   Skills:
 - Level 15.0 Fighting
 - Level 1.7 Dodging
 - Level 1.4 Stealth
 - Level 10.1 Shields
 + Level 13.7 Spellcasting
 - Level 12.0 Conjurations
 - Level 5.0 Summonings
 - Level 5.0 Transmutations
 - Level 4.0 Fire Magic
 - Level 10.1 Earth Magic
 - Level 5.0 Poison Magic
 - Level 8.0 Evocations


You had 4 spell levels left.
You knew the following spells:

 Your Spells              Type           Power      Damage    Failure   Level
a - Sandblast             Erth           100%       2d20      1%          1
b - Stone Arrow           Conj/Erth      100%       3d13      1%          3
c - Spellforged Servitor  Conj/Summ      32%        N/A       16%         7
d - Eringya's Noxious Bo  Tmut/Pois      25%        N/A       12%         6
e - Starburst             Conj/Fire      31%        6d10      3%          6
f - Orb of Destruction    Conj           38%        9d11      4%          7
g - Ignite Poison         Fire/Tmut/Pois 50%        N/A       1%          3
h - Borgnjor's Vile Clut  Necr/Erth      34%        N/A       8%          5

Your spell library contained the following spells:

 Spells                   Type           Power      Damage    Failure   Level
 Ignition                 Fire           23%        3d8       99%         8
 Passwall                 Tmut/Erth      66%        N/A       1%          2
 Dazzling Flash           Conj/Hex       100%       N/A       1%          3
 Inner Flame              Hex/Fire       33%        N/A       1%          3
 Mephitic Cloud           Conj/Pois/Air  54%        N/A       1%          3
 Fulminant Prism          Conj/Hex       27%        3d14      1%          4
 Iskenderun's Mystic Bla  Conj/Tloc      55%        2d12      1%          4
 Petrify                  Tmut/Erth      80%        N/A       1%          4
 Necrotize                Necr           84%        1d8       2%          1
 Confusing Touch          Hex            21%        N/A       7%          3
 Vampiric Draining        Necr           21%        2d7       7%          3
 Anguish                  Hex/Necr       10%        N/A       22%         4
 Cause Fear               Hex            10%        N/A       22%         4
 Freezing Cloud           Conj/Ice/Air   23%        6-21      3%          5
 Yara's Violent Unravell  Hex/Tmut       18%        3d9       6%          5
 Alistair's Intoxication  Tmut/Pois      34%        N/A       8%          5
 Summon Forest            Summ/Tloc      18%        N/A       22%         5
 Summon Mana Viper        Hex/Summ       36%        N/A       22%         5
 Summon Cactus Giant      Summ           25%        N/A       41%         6
 Agony                    Necr           21%        N/A       52%         5
 Enfeeble                 Hex            10%        N/A       100%        7
 Discord                  Hex            10%        N/A       100%        8


Dungeon Overview and Level Annotations

Branches:
Dungeon (13/15)            Temple (1/1) D:6            Lair (6/6) D:9
  Swamp (2/4) Lair:2        Snake (0/4) Lair:3        Slime (0/5) Lair:5
    Orc (2/2) D:11            Elf (0/3) Orc:2        Vaults (0/5) D:13

Altars:
Cheibriados
Dithmenos
Elyvilon
Fedhas
Hepliaklqana
Kikubaaqudgha
Makhleb
Nemelex Xobeh
Okawaru
Qazlal
Sif Muna
Trog
Uskayaw
Vehumet
Wu Jian
Xom
Yredelemnul
Zin
The Shining One
Beogh

Shops:
Orc:2 [([*

Annotations:
D:12 2 transporters, emergency's ghost, journeyman GrGl
D:13 2 transporters
Lair:5 exclusion: 2 oklob plants


Innate Abilities, Weirdness & Mutations

You are too large for most types of armour.
You have tough skin. (AC +1)
You have a pair of small horns on your head.
You are partially covered in iridescent scales. (AC +2)
You occasionally shout uncontrollably at your foes.


Message History

The will-o-the-wisp gestures.
The will-o-the-wisp conjures some foxfire!
The goliath frog barely misses you.
The seven-headed hydra is engulfed in a cloud of scalding steam.
The swamp worm bites you!
Found 10 gold pieces. 2 foxfires come into view.
Casting: Starburst (dangerous; 3% risk of failure)
Confirm with . or Enter, or press ? or * to list all spells.
Casting: Starburst (dangerous; 3% risk of failure)
Press: ? - help, Dir - look around, f - activate You miscast Starburst.
Flames sear your flesh. The foxfire hits you!! x2
The goliath frog hits you from afar! The acid corrodes you!
You are splashed with acid.
The swamp worm is engulfed in a cloud of scalding steam.
The swamp worm bites you!
The seven-headed hydra is engulfed in a cloud of scalding steam.
The seven-headed hydra bites you!
* * * LOW HITPOINT WARNING * * *
The seven-headed hydra bites you.
* * * LOW HITPOINT WARNING * * *
The seven-headed hydra bites you but does no damage.
The seven-headed hydra barely misses you.
The seven-headed hydra closely misses you. x2
The seven-headed hydra bites you but does no damage.
Unknown command.
As you read the scroll of teleportation, it crumbles to dust.
You feel strangely unstable. The goliath frog hits you from afar!
* * * LOW HITPOINT WARNING * * *
The acid corrodes you!
You are splashed with acid!
* * * LOW HITPOINT WARNING * * *
The will-o-the-wisp engulfs you!
* * * LOW HITPOINT WARNING * * *
The swamp worm is engulfed in a cloud of scalding steam.
The swamp worm closely misses you.
The tyrant leech is engulfed in a cloud of scalding steam.
The seven-headed hydra is engulfed in a cloud of scalding steam.
The seven-headed hydra bites you but does no damage.
The seven-headed hydra bites you!
You die...

♣♣♣♣♣♣♣♣ ♣. ... ♣≈..≈♣≈♣
♣.♣ ≈>♣♣ ♣.≈≈..≈♣♣≈♣
♣.§§.♣♣♣♣ ≈.≈≈.≈♣♣.♣♣
≈≈≈§≈≈≈.≈ ♣≈≈≈≈♣♣..≈♣
♣♣♣.§≈§≈..$.
♣.≈.≈≈...♣♣♣♣≈♣§§≈≈...,
....≈.≈..♣♣≈≈.§§§§≈.≈w
≈≈≈.<≈≈§....≈.≈D≈v§§≈
≈≈≈..≈≈≈≈...§$§§@ww♣≈
§♣≈≈≈♣)≈.≈≈......§..≈≈≈.
♣≈†≈≈≈♣≈♣♣§♣≈.♣♣≈≈F.....
....≈≈≈.≈♣≈≈.<♣♣.§§≈.≈≈.
≈≈≈≈§≈≈≈§≈§.≈§.♣♣♣.≈≈§≈≈
§≈≈≈≈≈..≈≈§.≈§.♣ ♣§♣≈..
..≈≈≈≈.≈≈≈≈≈≈§≈. ♣♣.≈≈
≈≈≈≈≈≈≈≈≈.≈≈≈≈≈.. ≈≈
≈≈≈.≈≈≈≈≈≈≈≈≈≈≈...


You could see a seven-headed hydra, a tyrant leech, a goliath frog, a
will-o-the-wisp and a swamp worm.

Vanquished Creatures
  Rupert (D:13)
  Gastronok (D:8)
  Donald (Lair:2)
  3 orc warlords (Orc:2)
  An eleionoma (Swamp:1)
  Josephine (Lair:4)
  2 fire dragons
  Fannar (D:12)
  9 hydras
  Harold (Lair:2)
  3 boulder beetles
  3 two-headed ogres
  A centaur warrior (D:13)
  4 death yaks
  5 orc high priests (Orc:2)
  Urug (D:13)
  Sonja (D:12)
  4 alligators
  Amaemon (Lair:3)
  A spriggan druid (Swamp:1)
  2 nameless horrors
  2 goliath frogs
  3 bog bodies
  3 swamp dragons
  4 orc knights
  2 lindwurms
  2 oklob plants
  4 orc sorcerers (Orc:2)
  2 cyclopes (D:11)
  An ugly thing (D:13)
  A deep elf pyromancer (D:13)
  4 will-o-the-wisps
  2 manticores
  Maurice (D:8)
  15 elephants
  6 black mambas
  2 torpor snails
  An orange demon (Lair:3)
  12 cane toads
  15 komodo dragons
  4 unseen horrors
  4 rime drakes
  A yaktaur (D:11)
  A kobold demonologist (D:13)
  5 trolls
  11 polar bears
  7 tyrant leeches
  A bloated husk (Swamp:1)
  Prince Ribbit (D:9)
  A raiju (Lair:6)
  7 hornets
  9 blink frogs
  2 dream sheep (Lair:3)
  Sigmund (D:2)
  9 wraiths
  5 spriggans
  2 shadows
  51 yaks
  4 wyverns
  3 steam dragons
  5 basilisks
  16 humans (D:13)
  Edmund (D:6)
  3 vampire mosquitoes (D:12)
  Menkaure (D:6)
  7 swamp worms
  10 wargs
  3 acid dragons
  9 water moccasins
  9 nagas (Lair:3)
  14 hell hounds (Lair:6)
  4 swamp drakes
  36 orc warriors
  17 black bears
  An ice beast (D:7)
  2 sky beasts (D:7)
  16 ogres
  6 centaurs
  45 wolves
  A phantom (D:5)
  3 kobold brigands
  Blork the orc (D:5)
  12 bullfrogs
  3 necrophages
  4 gnoll sergeants
  3 scorpions
  4 howler monkeys
  An electric eel (Lair:2)
  2 hounds (D:6)
  2 jellies
  2 gnoll shamans
  26 orc priests
  5 iguanas
  19 orc wizards
  7 hell rats (Lair:4)
  22 gnolls
  11 adders
  A shadow imp (D:8)
  A white imp (D:6)
  An ufetubus (D:7)
  A worm (D:2)
  4 dart slugs
  97 orcs
  3 endoplasms
  3 giant cockroaches
  6 goblins
  6 hobgoblins
  8 jackals
  2 quokkas
  7 ball pythons
  5 bats
  4 frilled lizards
  17 kobolds
  3 rats
760 creatures vanquished.

Vanquished Creatures (others)
  A human (D:8)
  A jelly (D:6)
  8 foxfires
  14 fulminant prisms
  32 fungi
  72 plants
128 creatures vanquished.

Grand Total: 888 creatures vanquished

Notes
Turn   | Place    | Note
-------+----------+-------------------------------------------
     0 | D:1      | Bruhh the Ogre Earth Elementalist began the quest for the
                  | Orb.
     0 | D:1      | Reached XP level 1. HP: 16/16 MP: 3/3
   229 | D:1      | Reached XP level 2. HP: 21/24 MP: 1/5
  1257 | D:2      | Reached XP level 3. HP: 25/31 MP: 3/7
  1708 | D:2      | Noticed Sigmund
  1900 | D:2      | Killed Sigmund
  1901 | D:2      | Reached XP level 4. HP: 22/39 MP: 8/10
  1901 | D:2      | Reached XP level 5. HP: 26/45 MP: 9/12
  2192 | D:2      | Reached skill level 5 in Spellcasting
  2729 | D:3      | Reached XP level 6. HP: 53/53 MP: 10/13
  3069 | D:3      | You fall into a shaft and drop 1 floor!
  3199 | D:3      | Found a faded altar of an unknown god.
  3266 | D:3      | Found a glowing silver altar of Zin.
  3280 | D:3      | Identified the ring "Coor" {Contam rF+ Int+4 Slay+4}
  3287 | D:3      | Learned a level 3 spell: Stone Arrow
  3580 | D:4      | Reached skill level 1 in Conjurations
  3580 | D:4      | Reached skill level 5 in Earth Magic
  3857 | D:4      | Found a shimmering blue altar of Sif Muna.
  4054 | D:4      | Found an iron altar of Okawaru.
  4054 | D:4      | Found a bloodstained altar of Trog.
  4274 | D:4      | Reached XP level 7. HP: 57/59 MP: 9/14
  4397 | D:5      | Entered Level 5 of the Dungeon
  4826 | D:5      | Noticed Blork the orc
  4843 | D:5      | Killed Blork the orc
  4844 | D:5      | Reached skill level 5 in Conjurations
  5212 | D:5      | Reached XP level 8. HP: 18/67 MP: 3/17
  5741 | D:6      | Noticed Edmund
  5745 | D:6      | Gained mutation: You have a pair of small horns on your
                  | head. [potion of mutation]
  5745 | D:6      | Gained mutation: You are partially covered in iridescent
                  | scales. (AC +2) [potion of mutation]
  5907 | D:6      | Found a staircase to the Ecumenical Temple.
  5948 | D:6      | Found a glowing golden altar of the Shining One.
  6083 | Temple   | Entered the Ecumenical Temple
  6337 | Temple   | Became a worshipper of Vehumet
  6358 | D:6      | Noticed a yak
  6358 | D:6      | Noticed a yak
  6359 | D:6      | Noticed a yak
  6496 | D:6      | Noticed Menkaure
  6501 | D:6      | Killed Menkaure
  6572 | D:6      | Noticed a yak
  6575 | D:6      | Noticed a yak
  6607 | D:5      | Killed a yak
  6695 | D:5      | Killed a yak
  6708 | D:5      | Killed a yak
  6709 | D:5      | Reached XP level 9. HP: 21/74 MP: 2/21
  7091 | D:6      | Found a basalt altar of Yredelemnul.
  7138 | D:6      | Killed Edmund
  7619 | D:6      | Identified the +10 long sword of the Battered Mystics
                  | {vorpal, rElec rPois}
  7669 | D:6      | Learned a level 4 spell: Iskenderun's Mystic Blast
  7957 | D:6      | Reached * piety under Vehumet
  7957 | D:6      | Offered knowledge of Shock by Vehumet.
  8962 | D:7      | Reached skill level 10 in Spellcasting
  9521 | D:7      | Reached XP level 10. HP: 79/81 MP: 17/24
  9749 | D:7      | Reached ** piety under Vehumet
 10296 | D:7      | Found a blossoming altar of Fedhas.
 10461 | D:8      | Offered knowledge of Poisonous Vapours by Vehumet.
 10602 | D:8      | Found an ancient bone altar of Kikubaaqudgha.
 10818 | D:8      | Noticed Gastronok
 11290 | D:8      | Killed Gastronok
 11291 | D:8      | Reached skill level 6 in Fighting
 11786 | D:8      | Noticed Maurice
 11806 | D:9      | Reached skill level 7 in Fighting
 11886 | D:9      | Found a burning altar of Makhleb.
 11887 | D:9      | Noticed a boulder beetle
 11917 | D:9      | Killed a boulder beetle
 11918 | D:9      | Reached skill level 8 in Fighting
 12104 | D:9      | Reached skill level 9 in Fighting
 12104 | D:9      | Reached XP level 11. HP: 99/115 MP: 10/25
 12115 | D:9      | Offered knowledge of Conjure Flame by Vehumet.
 12374 | D:9      | Reached skill level 10 in Fighting
 12821 | D:9      | Reached *** piety under Vehumet
 12822 | D:9      | Reached skill level 11 in Fighting
 13031 | D:9      | Found a staircase to the Lair.
 13050 | D:9      | Noticed Prince Ribbit
 13052 | D:9      | Killed Prince Ribbit
 13205 | D:8      | Killed Maurice
 13206 | D:8      | Reached skill level 12 in Fighting
 13211 | D:8      | Identified the +2 robe "Honuwini" {rN+ Int+3}
 13469 | D:10     | Entered Level 10 of the Dungeon
 13502 | D:10     | Offered knowledge of Fulminant Prism by Vehumet.
 13529 | D:10     | Learned a level 4 spell: Fulminant Prism
 13966 | D:10     | Noticed a two-headed ogre
 13975 | D:10     | Killed a two-headed ogre
 13976 | D:10     | Reached skill level 13 in Fighting
 14564 | Lair:1   | Entered Level 1 of the Lair of Beasts
 14641 | Lair:1   | Reached skill level 14 in Fighting
 15712 | Lair:2   | Reached **** piety under Vehumet
 15713 | Lair:2   | Reached skill level 15 in Fighting
 15713 | Lair:2   | Reached skill level 1 in Evocations
 15713 | Lair:2   | Reached XP level 12. HP: 141/141 MP: 17/26
 15720 | Lair:2   | Learned a level 6 spell: Starburst
 15757 | Lair:2   | Noticed a five-headed hydra
 15815 | Lair:2   | Killed a five-headed hydra
 15816 | Lair:2   | Reached skill level 1 in Fire Magic
 16151 | Lair:2   | Found the +15 Maxwell's patent armour {-Cast -Tele rElec
                  | Will+ rCorr}
 16180 | Lair:2   | Offered knowledge of Flame Wave by Vehumet.
 16747 | Lair:2   | Noticed Harold
 16903 | Lair:2   | Killed Harold
 17113 | Lair:2   | Found a staircase to the Swamp.
 18019 | Lair:3   | Noticed Amaemon
 18023 | Lair:3   | Reached ***** piety under Vehumet
 18206 | Lair:3   | Killed Amaemon
 18207 | Lair:3   | Reached skill level 5 in Evocations
 18325 | Lair:3   | Noticed a five-headed hydra
 18333 | Lair:3   | Killed a five-headed hydra
 18685 | Lair:3   | Offered knowledge of Lightning Bolt by Vehumet.
 18686 | Lair:3   | Reached XP level 13. HP: 147/149 MP: 12/27
 18687 | Lair:3   | Reached skill level 10 in Conjurations
 19486 | Lair:3   | Reached skill level 1 in Transmutations
 19643 | Lair:3   | Reached skill level 1 in Poison Magic
 19837 | Lair:3   | Found a staircase to the Snake Pit.
 20954 | Lair:4   | Noticed Josephine
 20959 | Lair:4   | Killed Josephine
 22148 | Lair:4   | Offered knowledge of Orb of Destruction by Vehumet.
 22157 | Lair:4   | Learned a level 7 spell: Orb of Destruction
 23546 | Lair:5   | Found a staircase to the Slime Pits.
 24314 | Lair:6   | Entered Level 6 of the Lair of Beasts
 24372 | Lair:5   | Learned a level 3 spell: Ignite Poison
 24518 | Lair:5   | Learned a level 6 spell: Eringya's Noxious Bog
 24528 | Lair:6   | Reached skill level 5 in Transmutations
 24529 | Lair:6   | Reached skill level 5 in Poison Magic
 24530 | Lair:6   | Offered knowledge of Conjure Ball Lightning by Vehumet.
 24936 | Lair:6   | Reached XP level 14. HP: 144/159 MP: 18/28
 29282 | Lair:6   | Offered knowledge of Yara's Violent Unravelling by Vehumet.
 29917 | Lair:6   | Learned a level 5 spell: Borgnjor's Vile Clutch
 30065 | Lair:2   | Identified the +4 hand axe of Contention {speed, rElec}
 30745 | D:11     | Reached XP level 15. HP: 153/167 MP: 10/31
 30753 | D:11     | Reached skill level 10 in Earth Magic
 31022 | D:11     | Offered knowledge of Spellforged Servitor by Vehumet.
 31285 | D:11     | Found a staircase to the Orcish Mines.
 31358 | D:11     | Reached skill level 1 in Summonings
 31373 | D:11     | Learned a level 7 spell: Spellforged Servitor
 31741 | Orc:1    | Entered Level 1 of the Orcish Mines
 32700 | Orc:2    | Entered Level 2 of the Orcish Mines
 33142 | Orc:2    | Noticed an orc warlord
 33192 | Orc:2    | Killed an orc warlord
 33769 | Orc:2    | Reached skill level 1 in Shields
 33844 | Orc:2    | Found Jigysm's General Store.
 33844 | Orc:2    | Noticed an orc warlord
 33862 | Orc:2    | Killed an orc warlord
 33956 | Orc:2    | Found Voforolo's Armour Shoppe.
 34355 | Orc:2    | Reached ****** piety under Vehumet
 34380 | Orc:2    | Offered knowledge of Ozocubu's Refrigeration by Vehumet.
 34685 | Orc:2    | Reached skill level 5 in Summonings
 35798 | Orc:2    | Noticed an orc warlord
 35843 | Orc:2    | Killed an orc warlord
 35913 | Orc:2    | Reached skill level 5 in Shields
 36374 | Orc:2    | Found Liss's Armour Emporium.
 36403 | Orc:2    | Found Woonul's Antique Weapon Boutique.
 36451 | Orc:2    | Offered knowledge of Ignition by Vehumet.
 36685 | Orc:2    | Found a staircase to the Elven Halls.
 37004 | Orc:2    | Gained mutation: You occasionally shout uncontrollably at
                  | your foes. [a neqoxec]
 37480 | D:12     | Noticed Fannar
 37486 | D:12     | Killed Fannar
 38105 | D:12     | Found a transporter.
 38108 | D:12     | Noticed emergency's ghost (journeyman GrGl)
 38492 | D:12     | Found a transporter.
 38681 | D:12     | Noticed Sonja
 38685 | D:12     | Paralysed by Sonja for 2 turns
 38691 | D:12     | Killed Sonja
 39670 | D:13     | Found a transporter.
 40235 | Swamp:1  | Entered Level 1 of the Swamp
 40251 | Swamp:1  | Noticed Donald
 40754 | D:13     | Found a gate to the Vaults.
 41123 | D:13     | Noticed Rupert
 41146 | D:13     | Killed Rupert
 41147 | D:13     | Reached XP level 16. HP: 149/176 MP: 25/32
 41350 | D:13     | Noticed Urug
 41358 | D:13     | Killed Urug
 41654 | D:13     | Found a transporter.
 42437 | Lair:2   | Killed Donald
 42438 | Lair:2   | Reached skill level 10 in Shields
 45441 | Swamp:2  | HP: 5/176 [will-o-the-wisp (15)]
 45441 | Swamp:2  | Mangled by a seven-headed hydra

Illustrated notes

Levels and vault maps discovered:
D:1:      noname_arrival_rooms_in_the_neighbourhood, layout_loops_ring
D:2:      layout_basic, st_stairs_8, uniq_sigmund
D:3:      layout_rooms, mainiacjoe_overflow_catwalk,
          dreamdust_ecumenical_altar_statues, wad_floor_pattern_untrapped
D:4:      layout_rooms, lemuel_blue_sif_altar, grunt_temple_overflow_bloody_war
D:5:      layout_basic, uniq_blork_the_orc
D:6:      layout_layer_cave, grunt_temple_overflow_holy_war,
          minmay_temple_entry_drinking_statues, portal_sewer_entry_d,
          lemuel_old_faithful, uniq_edmund, uniq_menkaure
D:7:      wad_crossroads, layout_basic, mainiacjoe_overflow_tiny_flanked,
          dreamdust_princess_bridge, eino_small_chamber_without_monster,
          minmay_checkerbox
D:8:      layout_gridville, tgw_kikubaaqudgha, uniq_maurice, uniq_gastronok
D:9:      layout_basic, mainiacjoe_overflow_concentric_impassable,
          erik_lair_dragon, uniq_prince_ribbit1
D:10:     layout_small_grid
D:11:     layout_loops_ring, orc_0_dummy, dreamdust_gnoll_shepherd
D:12:     layout_long_grid, gammafunk_ghost_berserking_beasts, uniq_fannar,
          uniq_sonja
D:13:     gammafunk_beogh_shrine, layout_irregular_city, david_vaults_3
Temple:   nicolae_temple_figure_eight
Lair:1:   layout_gridlike, minmay_hedge_maze
Lair:2:   layout_roguey, skrybe_swamp_entry_bodies,
          portal_ice_cave_entry_pillars_1, dreamdust_deal_with_the_devil,
          grunt_forest_large_clearings, uniq_harold
Lair:3:   layout_hall_layers, minmay_snake_entry_guardpost_large, ldierk_geyser,
          uniq_amaemon
Lair:4:   layout_small_grid, uniq_josephine
Lair:5:   layout_concentric_octagons, minmay_slime_entry_oklob_open,
          serial_bayou_pond_a, lemuel_fruit_tree, lemuel_fruit_fields
Lair:6:   guppyfry_lair_end_dragon, layout_cave_pods,
          hangedman_lair_caniforms_friends
Swamp:1:  layout_basic_swamp, hangedman_swamp_ruin_wall, swamp_pool1,
          uniq_donald
Swamp:2:  layout_basic_swamp, nicolae_swamp_decorative_isthmus
Orc:1:    layout_diamond_mine, rock_pile
Orc:2:    pubby_orc_utopia

Skill      XL: |  1  2  3  4  5  6  7  8  9 10 11 12 13 14 15 16 |
---------------+-------------------------------------------------+-----
Earth Magic    | 3 4 5 6 8 9 10 | 10.1
Spellcasting   | 3 4 5 6 8 10 12 13 | 13.7
Conjurations   | 3 5 7 8 9 11 12 | 12.0
Fighting       | 9 15 | 15.0
Evocations     | 1 5 7 8 |  8.0
Fire Magic     | 4 |  4.0
Transmutations | 5 |  5.0
Poison Magic   | 5 |  5.0
Summonings     | 5 |  5.0
Shields        | 9 10 | 10.1
Dodging        | |  1.7
Stealth        | |  1.4

Action                   |  1- 3 |  4- 6 |  7- 9 | 10-12 | 13-15 | 16-18 || total
-------------------------+-------+-------+-------+-------+-------+-------++-------
Melee: Unarmed           |    21 |       |       |       |       |       ||    21
       Short sword       |    10 |       |       |       |       |       ||    10
       Scythe            |       |    59 |    18 |       |       |       ||    77
       Giant club        |       |    17 |     4 |       |       |       ||    21
       Headbutt          |       |       |     1 |     6 |    21 |     2 ||    30
       Staff             |       |       |       |    17 |    95 |     8 ||   120
       Punch             |       |       |       |     1 |     1 |       ||     2
 Cast: Sandblast         |    50 |    35 |    35 |    18 |    14 |       ||   152
       Stone Arrow       |       |     4 |    87 |   256 |   596 |    39 ||   982
       Iskenderun's Myst |       |       |       |     9 |    17 |       ||    26
       Fulminant Prism   |       |       |       |    12 |     2 |       ||    14
       Starburst         |       |       |       |     6 |    25 |    23 ||    54
       Orb of Destructio |       |       |       |       |    30 |    16 ||    46
       Ignite Poison     |       |       |       |       |    21 |       ||    21
       Eringya's Noxious |       |       |       |       |    30 |     1 ||    31
       Borgnjor's Vile C |       |       |       |       |    19 |     8 ||    27
       Spellforged Servi |       |       |       |       |     1 |     1 ||     2
Evoke: Wand              |       |       |       |       |     4 |       ||     4
       Lightning rod     |       |       |       |       |     1 |       ||     1
  Use: Potion            |     2 |       |     2 |     7 |    11 |     2 ||    24
       Scroll            |       |       |     7 |     6 |    20 |     4 ||    37
 Stab: Sleeping          |       |     1 |       |       |       |       ||     1
Armor: Robe              |    26 |    78 |    21 |    50 |   205 |    17 ||   397
Dodge: Dodged            |    31 |    94 |    51 |    72 |   215 |    30 ||   493
Block: Kite shield       |       |       |       |       |    30 |     7 ||    37

Table legend: (Time is in decaauts)
 A = Elapsed time spent in this place.
 B = Non-inter-level travel time spent in this place.
 C = Inter-level travel time spent in this place.
 D = Time resting spent in this place.
 E = Time spent auto-exploring this place.
 F = Levels seen in this place.
 G = Mean time per level.
                   A        B        C        D        E       F      G
               +--------+--------+--------+--------+--------+-----+--------+
         Total |  45847 |  43997 |   1850 |   6434 |  32025 |  24 | 1910.3 |
       Dungeon |  20335 |  19230 |   1105 |   2156 |  14707 |  13 | 1564.2 |
        Temple |    266 |    236 |     30 |      0 |    234 |   1 |  266.0 |
          Lair |  17143 |  16574 |    569 |   3157 |  11539 |   6 | 2857.2 |
         Swamp |   2595 |   2562 |     33 |    829 |   1415 |   2 | 1297.5 |
  Orcish Mines |   5507 |   5396 |    111 |    292 |   4128 |   2 | 2753.5 |
               +--------+--------+--------+--------+--------+-----+--------+

Top non-repeatable levels by time:
   Orc:2: 4771 daAuts
  Lair:6: 4671 daAuts
  Lair:2: 3656 daAuts
  Lair:3: 3142 daAuts
  Lair:5: 2601 daAuts
     D:6: 2453 daAuts
 Swamp:1: 2352 daAuts
    D:11: 2276 daAuts
  Lair:4: 1902 daAuts
     D:5: 1884 daAuts
     D:9: 1878 daAuts
    D:12: 1836 daAuts
     D:2: 1765 daAuts
     D:8: 1687 daAuts
     D:7: 1406 daAuts
